 Dungeon Crawl Stone Soup version 0.31-a0-431-g88bdf31460 (webtiles) character file.

Game seed: 9745899266071155714

2542 MrMonkeyMan the Reanimator (level 9, 0/61 (64) HPs)
             Began as a Demonspawn Necromancer on Aug 1, 2023.
             Was a Believer of Makhleb.
             Slain by a wight
             ... wielding a +7 halberd
              (10 damage)
             ... on level 7 of the Dungeon.
             The game lasted 01:00:06 (7912 turns).

MrMonkeyMan the Reanimator (Demonspawn Necromancer) Turns: 7912, Time: 01:00:07

HP:   0/61 (64)     AC: 17    Str: 15    XL:     9   Next: 30%
MP:   18/18         EV: 12    Int: 21    God:    Makhleb [**....]
Gold: 363           SH:  9    Dex: 13    Spells: 7/20 levels left

rFire   . . .        N - +2 flail (protect)
rCold   . . .        l - +0 buckler
rNeg    . . .        S - +0 steam dragon scales
rPois   .            (no helmet)
rElec   +            B - +0 cloak
rCorr   .            (no gloves)
SInv    .            (no boots)
Will    .....        O - amulet of reflection
Stlth   ++           c - +6 ring of strength
HPRegen 0.30/turn    (no ring)
MPRegen 0.16/turn

%: reflection
@: under a protective aura, lightly drained
A: thin metallic scales 3, powered by death 1, demonic magic 1, bedeviling
a: Renounce Religion, Minor Destruction


You were on level 7 of the Dungeon.
You worshipped Makhleb.
Makhleb was pleased with you.
You visited 1 branch of the dungeon, and saw 7 of its levels.

You collected 363 gold pieces.

Inventory:

Hand Weapons
 k - a +0 short sword
 n - a +0 spear
 p - a +0 sling
 v - a +0 sling of electrocution
 H - a +0 trident
 N - a +2 flail of protection (weapon)
 T - a +0 scimitar of draining
Missiles
 e - 9 boomerangs
 i - 14 poisoned darts
 M - a throwing net
Armour
 a - a +0 robe
 g - a +0 leather armour
 l - a +0 buckler (worn)
 B - a +0 cloak (worn)
 E - a +0 ring mail
 K - a +0 chain mail
 S - +0 steam dragon scales (worn)
Magical Staves
 q - a staff of death
Jewellery
 c - a +6 ring of strength (left hand)
 O - an amulet of reflection (around neck)
Wands
 w - a wand of flame (20)
 J - a wand of polymorph (11)
 L - a wand of paralysis (3)
 U - a wand of iceblast (6)
Scrolls
 d - 3 scrolls of noise
 h - a scroll of vulnerability {unknown}
 o - a scroll of silence
 r - a scroll of enchant weapon
 s - a scroll of immolation
 t - a scroll of torment
 u - a scroll of teleportation
 y - a scroll of summoning
 F - 2 scrolls of fear {unknown}
 P - a scroll of revelation {unknown}
 Q - a scroll of amnesia {unknown}
 R - a scroll of identify
Potions
 b - 2 potions of magic
 f - 2 potions of attraction {unknown}
 j - 4 potions of curing {unknown}
 m - 2 potions of brilliance {unknown}
 x - 2 potions of haste {unknown}
 z - a potion of resistance {unknown}
 A - a potion of enlightenment {unknown}
 C - a potion of ambrosia {unknown}
 D - 2 potions of berserk rage {unknown}
 G - a potion of mutation {unknown}
 I - a potion of heal wounds {unknown}
 V - a potion of degeneration {unknown}


   Skills:
 * Level 3.2 Fighting
 + Level 1.4 Polearms
 + Level 1.4 Armour
 + Level 2.9 Dodging
 + Level 2.6 Stealth
 + Level 1.0 Shields
 + Level 6.0 Spellcasting
 * Level 10.0 Necromancy
 * Level 4.9 Invocations
 + Level 1.5 Evocations


You had 7 spell levels left.
You knew the following spells:

 Your Spells              Type           Power      Damage    Failure   Level
a - Necrotise             Necr           100%       1d9       1%          1
b - Vampiric Draining     Necr           48%        2d9       1%          3
c - Animate Dead          Necr           48%        N/A       1%          4
d - Agony                 Necr           48%        N/A       6%          5

Your spell library contained the following spells:

 Spells                   Type           Power      Damage    Failure   Level
 Lesser Beckoning         Tloc           12%        N/A       21%         2
 Poisonous Vapours        Pois/Air       12%        N/A       21%         2
 Gell's Gravitas          Tloc           6%         N/A       36%         3
 Mephitic Cloud           Conj/Pois/Air  6%         N/A       36%         3
 Teleport Other           Tloc           6%         N/A       36%         3
 Freezing Cloud           Conj/Ice/Air   3%         6-21      98%         5


Dungeon Overview and Level Annotations

Branches:
Dungeon (7/15)             Temple (0/1) D:7

Altars:
Ashenzari
Makhleb
Nemelex Xobeh
Okawaru
Qazlal
Lugonu

Shops:
D:3 [**

Annotations:
D:7 1 transporter


Innate Abilities, Weirdness & Mutations

You are completely covered in thin metallic scales. (AC +4, rElec)
You regenerate a little health from kills.
Spells you cast may paralyse adjacent enemies.
Your hexes are more powerful.


Message History

You block the wight's attack. The wight hits you but does no damage.
The wight barely misses you. The wight misses you.
You hit the wight but do no damage.
The wight is heavily damaged.
The wight hits you from afar with a +7 halberd!
The wight completely misses you.
You hit the wight.
The wight is almost destroyed.
The wight hits you but does no damage. x3; You block the wight's attack.
You hit the wight.
You destroy the wight!
Makhleb accepts your kill. The wight completely misses you.
Press: ? - help, v - describe, . - travel
Here: a wight, wielding a +7 halberd and wearing a +0 robe The floor.
You block the wight's attack.
You barely miss the wight. The wight barely misses you.
You closely miss the wight. The wight completely misses you.
You block the wight's attack.
You closely miss the wight. The wight hits you with a +7 halberd!
You hit the wight.
Your weapon exudes an aura of protection.
The wight is lightly damaged.
The wight hits you with a +7 halberd. You block the wight's attack.
You hit the wight but do no damage.
The wight is lightly damaged.
You block the wight's attack.
You thump the wight!
The wight is severely damaged.
The wight hits you with a +7 halberd. The wight barely misses you.
You barely miss the wight.
The wight is severely damaged.
You block the wight's attack.
You barely miss the wight.
The wight is severely damaged.
The wight hits you with a +7 halberd!
* * * LOW HITPOINT WARNING * * *
The wight hits you with a +7 halberd!
You die...

#.#..##©##...)#<.......
#...##...###$!#######.#
#©.##...##?.#######Z..
#.....####.......>.
##..##.##.######...
#..#######.###.##.# ##.#
#.....)....###.##.## #.#
#.########z........# #.#
#@#######.### ##.# #.#
#....##..# ###.#
#..#...... #...#
#.###.#... #.#.#
#.###..##. #.#.#
#..##...## ###
#.#.#######..##....# ..#
##.#..........#..>.## #.#
.#####...###..@...#.....##


You could see a wight.

Vanquished Creatures
  Maggie (D:7)
  A steam dragon (D:7)
  2 water moccasins
  An ice beast (D:6)
  A black bear (D:6)
  2 ogres (D:5)
  3 centaurs
  3 bullfrogs
  4 scorpions
  A wight (D:7)
  3 jellies
  A hound (D:5)
  5 orc priests
  3 iguanas
  Ijyb (D:5)
  6 orc wizards
  12 gnolls
  6 adders
  A shadow imp (D:6)
  An ufetubus (D:4)
  6 dart slugs
  A worm (D:5)
  14 orcs
  3 bats (D:1)
  4 endoplasms
  3 giant cockroaches
  8 goblins
  5 hobgoblins
  2 kobolds
  A quokka (D:1)
  5 ball pythons
  4 rats
114 creatures vanquished.

Vanquished Creatures (collateral kills)
  An iguana (D:6)
  A shadow imp (D:6)
  An ufetubus (D:6)
  An orc (D:6)
  A giant cockroach (D:1)
  A goblin (D:3)
  A ball python (D:1)
7 creatures vanquished.

Vanquished Creatures (others)
  A centaur zombie (D:6)
  A bullfrog zombie (D:7)
  A scorpion zombie (D:7)
  A shadow imp (D:7)
  2 orc zombies (D:6)
  A gnoll zombie (D:7)
7 creatures vanquished.

Grand Total: 128 creatures vanquished

Notes
Turn   | Place    | Note
-------+----------+-------------------------------------------
     0 | D:1      | MrMonkeyMan the Demonspawn Necromancer began the quest for
                  | the Orb.
     0 | D:1      | Reached XP level 1. HP: 13/13 MP: 3/3
   267 | D:1      | Gained mutation: You are partially covered in thin metallic
                  | scales. (AC +2) [demonic ancestry]
   267 | D:1      | Reached XP level 2. HP: 18/19 MP: 1/5
   660 | D:1      | Reached skill level 5 in Necromancy
   690 | D:1      | Reached XP level 3. HP: 19/24 MP: 0/6
  1677 | D:2      | You fall into a shaft and drop 1 floor!
  1677 | D:3      | Found a burning altar of Makhleb.
  1680 | D:3      | Became a worshipper of Makhleb the Destroyer
  1769 | D:2      | Found a faded altar of an unknown god.
  2385 | D:3      | Found Goxig's Assorted Antiques.
  2388 | D:3      | Found Toucsor's General Store.
  2390 | D:3      | Found Lutol's Antique Armour Boutique.
  2442 | D:3      | Gained mutation: You are mostly covered in thin metallic
                  | scales. (AC +3) [demonic ancestry]
  2442 | D:3      | Reached XP level 4. HP: 30/30 MP: 4/8
  3977 | D:4      | Gained mutation: You are completely covered in thin
                  | metallic scales. (AC +4, rElec) [demonic ancestry]
  3977 | D:4      | Reached XP level 5. HP: 35/35 MP: 3/10
  4049 | D:4      | Found an iron altar of Okawaru.
  4123 | D:4      | Reached skill level 6 in Necromancy
  4128 | D:4      | Learned a level 3 spell: Vampiric Draining
  4382 | D:4      | Reached * piety under Makhleb
  4510 | D:4      | Noticed an air elemental
  4512 | D:4      | Found a stormy altar of Qazlal.
  4514 | D:4      | Noticed a fire elemental
  4514 | D:4      | Noticed a water elemental
  4572 | D:4      | Noticed a water moccasin
  4584 | D:4      | Killed a water moccasin
  4585 | D:4      | Reached XP level 6. HP: 22/41 MP: 2/11
  4788 | D:4      | Found a sparkling altar of Nemelex Xobeh.
  4809 | D:5      | Entered Level 5 of the Dungeon
  4823 | D:5      | Reached skill level 7 in Necromancy
  5131 | D:5      | Reached skill level 1 in Invocations
  5131 | D:5      | Gained mutation: You regenerate a little health from kills.
                  | [demonic ancestry]
  5131 | D:5      | Reached XP level 7. HP: 33/46 MP: 9/13
  5135 | D:5      | Reached skill level 1 in Armour
  5638 | D:5      | Reached skill level 1 in Fighting
  5638 | D:5      | Reached skill level 8 in Necromancy
  5707 | D:5      | Noticed Ijyb
  5714 | D:5      | Paralysed by Ijyb for 3 turns
  5721 | D:5      | Killed Ijyb
  5728 | D:5      | Reached skill level 1 in Evocations
  5984 | D:6      | Identified a scroll of acquirement
  5985 | D:6      | Acquired a staff of death
  6018 | D:6      | Learned a level 4 spell: Animate Dead
  6028 | D:6      | Gained mutation: Spells you cast may paralyse adjacent
                  | enemies. [demonic ancestry]
  6028 | D:6      | Reached XP level 8. HP: 54/54 MP: 9/15
  6058 | D:6      | Reached skill level 5 in Spellcasting
  6159 | D:6      | Reached ** piety under Makhleb
  6294 | D:6      | Reached skill level 1 in Polearms
  6536 | D:6      | Found a broken altar of Ashenzari.
  6917 | D:6      | Reached skill level 9 in Necromancy
  7360 | D:7      | Found a staircase to the Ecumenical Temple.
  7400 | D:7      | Noticed Maggie
  7427 | D:7      | Killed Maggie
  7428 | D:7      | Gained mutation: Your hexes are more powerful. [demonic
                  | ancestry]
  7428 | D:7      | Reached XP level 9. HP: 62/62 MP: 1/17
  7434 | D:7      | Learned a level 5 spell: Agony
  7775 | D:7      | Reached skill level 1 in Shields
  7775 | D:7      | Reached skill level 10 in Necromancy
  7864 | D:7      | Noticed a cyan ugly thing
  7865 | D:7      | Found a transporter.
  7865 | D:7      | Found a corrupted altar of Lugonu.
  7866 | D:7      | Noticed a white ugly thing
  7912 | D:7      | Slain by a wight

Illustrated notes

Levels and vault maps discovered:
D:1:      spicycebolla_arrival_xxxplode, layout_loops_ring
D:2:      layout_loops_cross, shapermc_ecumenical_altar_gd
D:3:      layout_basic, old_standard_altar, serial_shops,
          nicolae_shop_tiny_statue_garden, shop, shop
D:4:      layout_basic, mainiacjoe_overflow_catwalk,
          nemelex_diamond_rough_becter, nicolae_qazlal_style_of_elements
D:5:      layout_gridville, general_overflow_altar, corexii_checkpoint_b,
          serial_bayou_pond_e, uniq_ijyb
D:6:      layout_loops_corners, mainiacjoe_overflow_divided_tiny
D:7:      gammafunk_corrupted_shrine, layout_loops_ring,
          mainiacjoe_overflow_chevrons, worldfamousw_hep_ancestral_shrine,
          minmay_temple_entry_wispy, serial_shops, nicolae_lakefront_shop,
          uniq_maggie

Skill      XL: |  1  2  3  4  5  6  7  8  9 |
---------------+----------------------------+-----
Dodging        | 2 |  2.9
Necromancy     | 5 6 7 8 9 10 | 10.0
Spellcasting   | 3 4 5 6 |  6.0
Invocations    | 1 3 4 |  4.9
Armour         | 1 |  1.4
Stealth        | 2 |  2.6
Fighting       | 1 2 3 |  3.2
Evocations     | 1 |  1.5
Polearms       | 1 |  1.4
Shields        | 1 |  1.0

Action                     |  1- 3 |  4- 6 |  7- 9 || total
---------------------------+-------+-------+-------++-------
  Melee: Unarmed           |     6 |       |       ||     6
         Short sword       |     5 |       |       ||     5
         Club              |     1 |       |       ||     1
         Spear             |     9 |    17 |       ||    26
         Trident           |       |     3 |    36 ||    39
         Staff             |       |       |    36 ||    36
         Flail             |       |       |    12 ||    12
   Cast: Necrotise         |    74 |    83 |   119 ||   276
         Vampiric Draining |       |     2 |     7 ||     9
         Animate Dead      |       |       |     8 ||     8
         Agony             |       |       |     1 ||     1
  Evoke: Wand              |       |     1 |     7 ||     8
    Use: Scroll            |       |       |     9 ||     9
   Stab: Paralysed         |       |       |     7 ||     7
 Armour: Robe              |    11 |       |       ||    11
         Leather armour    |     5 |    15 |    35 ||    55
         Steam dragon scal |       |       |     7 ||     7
  Dodge: Dodged            |    18 |    28 |    52 ||    98
  Block: Buckler           |     2 |     8 |    49 ||    59
         Reflection        |       |       |     3 ||     3

Table legend: (Time is in decaauts)
 A = Elapsed time spent in this place.
 B = Non-inter-level travel time spent in this place.
 C = Inter-level travel time spent in this place.
 D = Time resting spent in this place.
 E = Time spent auto-exploring this place.
 F = Levels seen in this place.
 G = Mean time per level.
                   A        B        C        D        E       F      G
               +--------+--------+--------+--------+--------+-----+--------+
         Total |   7940 |   7707 |    233 |   1046 |   5160 |   7 | 1134.3 |
       Dungeon |   7940 |   7707 |    233 |   1046 |   5160 |   7 | 1134.3 |
               +--------+--------+--------+--------+--------+-----+--------+

Top non-repeatable levels by time:
     D:3: 1739 daAuts
     D:6: 1345 daAuts
     D:1: 1232 daAuts
     D:5: 1174 daAuts
     D:4: 1097 daAuts
     D:2: 745 daAuts
     D:7: 607 daAuts
